 Dungeon Crawl Stone Soup version 0.31.0-9-g3a7656b989 (webtiles) character file.

Game seed: 2937915173339343428

487 MacCMillion the Carver (level 7, -5/50 HPs)
             Began as a Merfolk Gladiator on Jan 31, 2024.
             Slain by an orc priest
             ... wielding a +0 flail
              (23 damage)
             ... on level 4 of the Dungeon.
             The game lasted 00:08:57 (4186 turns).

MacCMillion the Carver (Merfolk Gladiator)          Turns: 4186, Time: 00:08:57

Health: -5/50      AC:  5    Str: 14    XL:     7   Next: 13%
Magic:  7/7        EV:  2    Int:  8    God:
Gold:   259        SH:  0    Dex: 17    Spells: 6/6 levels left

rFire   . . .        a - +0 long sword
rCold   + . .        v - +0 buckler
rNeg    . . .        e - +1 leather armour {rC+}
rPois   .            c - +0 helmet
rElec   .            (no cloak)
rCorr   .            (no gloves)
SInv    .            (no boots)
Will    .....        (no amulet)
Stlth   ++           (no ring)
HPRegen 0.28/turn    (no ring)
MPRegen 0.10/turn

%: no passive effects
@: sleeping
A: (nimble swimmer 2), mertail
a: no special abilities


You were on level 4 of the Dungeon.
You visited 1 branch of the dungeon, and saw 5 of its levels.

You collected 259 gold pieces.

Inventory:

Hand Weapons
 a - a +0 long sword (weapon)
Missiles
 d - 2 throwing nets (quivered)
 m - 2 atropa-tipped darts
 n - 12 boomerangs
 u - a javelin
Armour
 b - a +0 leather armour
 c - a +0 helmet (worn)
 e - a +1 leather armour of cold resistance (worn)
 v - a +0 buckler (worn)
Jewellery
 s - an amulet of guardian spirit
Wands
 t - a wand of paralysis (7)
Scrolls
 i - 2 scrolls of noise
 k - a scroll of immolation {unknown}
 o - 2 scrolls of teleportation {unknown}
 p - a scroll of blinking {unknown}
Potions
 f - a potion of enlightenment
 g - a potion of heal wounds
 h - a potion of magic {unknown}
 j - a potion of curing {unknown}
 l - a potion of haste {unknown}
 q - a potion of mutation {unknown}
 r - a potion of ambrosia {unknown}
 w - a potion of degeneration {unknown}


   Skills:
 - Level 2.1 Fighting
 + Level 9.2 Long Blades
 - Level 2.0 Throwing
 - Level 4.0 Dodging
 - Level 2.0 Stealth
 + Level 0.0 Shields


You had 6 spell levels left.
You didn't know any spells.
Your spell library contained the following spells:

 Spells                   Type           Power      Damage    Failure   Level
 Magic Dart               Conj           0%         1d3       58%         1
 Call Imp                 Summ           0%         N/A       75%         2
 Jinxbite                 Hex            0%         N/A       75%         2
 Searing Ray              Conj           0%         2d4       75%         2
 Sublimation of Blood     Necr           0%         N/A       75%         2
 Fulminant Prism          Conj/Alch      0%         3d5       100%        4
 Yara's Violent Unravell  Hex/Alch       0%         3d3       100%        5
 Enfeeble                 Hex            0%         N/A       100%        7
 Summon Hydra             Summ           0%         N/A       100%        7


Dungeon Overview and Level Annotations

Branches:
Dungeon (5/15)
 Temple: D:4-7

Altars:
Fedhas
Ru
Zin

Annotations:
D:2 Sigmund


Innate Abilities, Weirdness & Mutations

((You are very nimble when in or above water. (Stealth+, EV+, Speed+++)))
Your lower body shifts to a powerful aquatic tail in water.


Message History

Unknown command.
You now have 259 gold pieces (gained 9).
You see here a +0 dagger.
You see here a quokka skeleton.
You see here 4 stones.
An orc priest, 2 orcs and a sleepcap come into view.
The orc shouts! x2
You start waiting.
A sleepcap is nearby!
The sleepcap closely misses you. The sleepcap attacks as it pursues you!
The sleepcap barely misses you.
You hit the sleepcap but do no damage. You block the sleepcap's attack.
You hit the sleepcap.
The sleepcap is lightly damaged.
The sleepcap releases spores at you!
You are engulfed in a cloud of soporific spores!
You fall asleep.
The sleepcap releases spores at you!
You wake up.
You are engulfed in a cloud of soporific spores!
You are unaffected.
You hit the sleepcap but do no damage.
The sleepcap is lightly damaged.
You block the sleepcap's attack.
You hit the sleepcap but do no damage.
The sleepcap is lightly damaged.
The sleepcap barely misses you.
Unknown command.
The orc priest shouts!
You hear a shout!
An orc comes into view. It is wielding a +0 mace.
The orc priest hits you with a +0 flail.
The orc priest attacks as it pursues you!
The orc priest hits you with a +0 flail!
The orc priest attacks as it pursues you!
The orc priest barely misses you. The orc closely misses you.
The sleepcap attacks as it pursues you! The sleepcap releases spores at you.
You are engulfed in a cloud of soporific spores!
You fall asleep.
The orc priest hits you with a +0 flail!!
You die...

...#........#.# #..#
..........#...# #..# ######
...##.....#..####..# #....#
....#..............#######....#
.#....÷.......................#
..................>....###....#
..÷...............####....).###
###...................>.)..##
##.............f@..........#
.....(.........oo..........#
..###.....###...........####
..###.######o..####...#.#
##.........o.#.......##..
##.......#####..#######..
.#..)....# ...# #... ........o#
..## ................


You could see a sleepcap, an orc priest and 3 orcs.

Vanquished Creatures
  A black bear (D:5)
  A phantom (D:4)
  A hound (D:4)
  Jessica (D:3)
  A gnoll bouda (D:3)
  2 iguanas
  Robin (D:2)
  2 adders (D:2)
  6 gnolls
  2 ribbon worms
  3 dart slugs
  3 orcs
  6 ball pythons
  6 endoplasms
  3 giant cockroaches
  12 goblins
  12 hobgoblins
  7 jackals
  4 quokkas
  4 bats (D:1)
  3 frilled lizards
  8 kobolds
  3 rats
92 creatures vanquished.

Notes
Turn   | Place    | Note
-------+----------+-------------------------------------------
     0 | D:1      | MacCMillion the Merfolk Gladiator began the quest for the
                  | Orb.
     0 | D:1      | Reached XP level 1. HP: 16/16 MP: 1/1
    73 | D:1      | Reached skill level 4 in Long Blades
   151 | D:1      | Reached XP level 2. HP: 22/22 MP: 2/2
   405 | D:1      | Reached XP level 3. HP: 27/27 MP: 3/3
   411 | D:1      | Reached skill level 5 in Long Blades
  1097 | D:2      | Noticed Sigmund
  1399 | D:2      | Reached XP level 4. HP: 32/33 MP: 4/4
  1649 | D:2      | Reached skill level 6 in Long Blades
  1722 | D:3      | Noticed Robin
  1966 | D:2      | Killed Robin
  1967 | D:2      | Reached skill level 1 in Stealth
  2346 | D:3      | Found a faded altar of an unknown god.
  2513 | D:3      | Reached XP level 5. HP: 38/38 MP: 5/5
  2711 | D:3      | Noticed Jessica
  2768 | D:3      | Killed Jessica
  3026 | D:4      | Found a sacrificial altar of Ru.
  3027 | D:4      | Found a blossoming altar of Fedhas.
  3028 | D:4      | Found a glowing silver altar of Zin.
  3140 | D:4      | Noticed a phantom
  3180 | D:4      | Reached skill level 7 in Long Blades
  3314 | D:3      | Reached XP level 6. HP: 33/44 MP: 6/6
  3491 | D:4      | Reached skill level 8 in Long Blades
  3591 | D:4      | Noticed a black bear
  3728 | D:4      | HP: 1/44 [black bear (6)]
  3729 | D:5      | Entered Level 5 of the Dungeon
  3738 | D:5      | Killed a black bear
  3739 | D:5      | Reached skill level 9 in Long Blades
  3739 | D:5      | Reached XP level 7. HP: 23/50 MP: 7/7
  4186 | D:4      | Slain by an orc priest

Illustrated notes

Levels and vault maps discovered:
D:1:      roadster_arrival_rocket_small, layout_basic, roderic_filled_cross
D:2:      layout_loops_cross, patterned_corridor, uniq_sigmund
D:3:      layout_rooms, basic_ecumenical_altar, uniq_robin, uniq_jessica
D:4:      layout_rooms, chequers_temple_overflow_statue_of_worship
D:5:      layout_loops_corners, nicolae_shop_sticking_my_neck_out

Skill      XL: |  1  2  3  4  5  6 |
---------------+-------------------+-----
Long Blades    | 4 5 6 7 9 |  9.2
Stealth        | 1 2 |  2.0
Fighting       | |  2.1
Throwing       | |  2.0
Dodging        | |  4.0

Action                     |  1- 3 |  4- 6 |  7- 9 || total
---------------------------+-------+-------+-------++-------
  Melee: Long sword        |    92 |   170 |    21 ||   283
         Punch             |     1 |     2 |       ||     3
  Throw: Dart              |       |     2 |       ||     2
         Javelin           |       |     1 |       ||     1
         Throwing net      |       |     1 |       ||     1
    Use: Scroll            |       |     3 |       ||     3
         Potion            |       |     1 |       ||     1
   Stab: Sleeping          |     3 |     1 |       ||     4
 Armour: Leather armour    |    47 |   103 |    16 ||   166
  Dodge: Dodged            |    64 |   115 |    12 ||   191
  Block: Buckler           |       |       |     2 ||     2
